 Dungeon Crawl Stone Soup version 0.24-a0-584-g9d6b971ae4 (webtiles) character file.

Game seed: 10905017842451483254, levelgen mode: deterministic

1914 BinkBink the Quickloader (level 8, -2/68 HPs)
             Began as a Centaur Hunter on Sept 6, 2019.
             Was an Initiate of Dithmenos.
             Slain by a bullfrog (4 damage)
             ... on level 6 of the Dungeon.
             The game lasted 00:25:24 (6040 turns).

BinkBink the Quickloader (Centaur Hunter)           Turns: 6040, Time: 00:25:24

Health: -2/68      AC:  7    Str: 16      XL:     8   Next: 95%
Magic:  8/8        EV:  1    Int: 14      God:    Dithmenos [......]
Gold:   296        SH:  0    Dex:  0 (4)  Spells: 7/7 levels left

rFire    + . .     SeeInvis .   b - +0 short sword
rCold    + . .     Gourm    .   (no shield)
rNeg     + . .     Faith    .   H - +1 robe of Foeke {rCorr Dex-3 Slay+2}
rPois    .         Spirit   .   (no helmet)
rElec    .         Reflect  .   x - scarf {rC+ rF+}
rCorr    +         Harm     .   G - +1 pair of gloves of Tulibri {rN+ Int+4 Dex-4}
MR       .....     Rnd*Tele +   (no barding)
Stlth    ..........             (no amulet)
HPRegen  0.21/turn              j - ring of teleportation (curse)
MPRegen  0.11/turn              (no ring)

@: slowed, lost dexterity
A: large, hooves 3, deformed body, speed 2, tough skin 3
a: Renounce Religion


You were on level 6 of the Dungeon.
You worshipped Dithmenos.
Dithmenos was noncommittal.
You were not hungry.

You visited 2 branches of the dungeon, and saw 8 of its levels.
You also visited: Sewer and Ossuary.

You collected 645 gold pieces.
You spent 349 gold pieces at shops.

Inventory:

Hand Weapons
 a - a +1 hand crossbow
 b - a +0 short sword (weapon)
 z - a +0 shortbow
Missiles
 A - 4 arrows
 C - 18 sling bullets
Armour
 x - a scarf of resistance (worn)
 G - the +1 pair of gloves of Tulibri (worn) {rN+ Int+4 Dex-4}
   (You bought it in a shop on level 4 of the Dungeon)

   It affects your intelligence (+4).
   It affects your dexterity (-4).
   It protects you from negative energy.
 H - the +1 robe of Foeke (worn) {rCorr Dex-3 Slay+2}
   (You bought it in a shop on level 4 of the Dungeon)

   It affects your dexterity (-3).
   It affects your accuracy and damage with ranged weapons and melee attacks
   (+2).
   It provides partial protection from all sources of acid and corrosion.
Jewellery
 j - a cursed ring of teleportation (left hand)
Wands
 E - a wand of iceblast (7)
Scrolls
 g - 2 scrolls of magic mapping {unknown}
 h - 2 scrolls of fog {unknown}
 n - a scroll of teleportation {unknown}
 p - 9 scrolls of identify
 r - 2 scrolls of remove curse
 s - a scroll of blinking {unknown}
 t - 2 scrolls of amnesia {unknown}
 w - 2 scrolls of fear {unknown}
 y - a scroll of noise {unknown}
 B - a scroll of enchant weapon {unknown}
Potions
 c - a potion of mutation {unknown}
 d - 2 potions of cancellation {unknown}
 e - a potion of curing
 i - a potion of brilliance {unknown}
 k - a potion of resistance {unknown}
 l - 4 potions of lignification {unknown}
 m - a potion of ambrosia {unknown}
 o - a potion of might
 u - 3 potions of flight {unknown}
 D - a potion of berserk rage {unknown}
 F - a potion of haste {unknown}
Comestibles
 f - 4 rations


   Skills:
 + Level 5.3 Fighting
 + Level 3.4 Short Blades
 + Level 1.5 Bows
 + Level 9.6 Crossbows
 + Level 3.7 Armour
 + Level 1.6 Dodging
 + Level 0.8 Stealth


You had 7 spell levels left.
You didn't know any spells.
Your spell library contained the following spells:

 Spells                   Type           Power        Failure   Level  Hunger
 Confusing Touch          Hex            #.....       28%         1    ##.....
 Confuse                  Hex            #.......     65%         3    ####...
 Gell's Gravitas          Tloc           #.........   65%         3    ####...
 Petrify                  Tmut/Erth      #.......     96%         4    #####..
 Metabolic Englaciation   Hex/Ice        #.........   100%        5    ######.
 Yara's Violent Unravell  Hex/Tmut       #.........   100%        5    ######.


Dungeon Overview and Level Annotations

Branches:
Dungeon (7/15)             Temple (1/1) D:6           Sewer (visited)
Ossuary (visited)

Altars:
Cheibriados
Dithmenos
Fedhas
Gozag
Hepliaklqana
Kikubaaqudgha
Makhleb
Nemelex Xobeh
Qazlal
Ru
Sif Muna
Uskayaw
Vehumet
Xom
Yredelemnul
Zin
The Shining One

Shops:
D:4 !:[   D:5 *

Annotations:
D:5 Eustachio


Innate Abilities, Weirdness & Mutations

You have hooves in place of feet.
Armour fits poorly on your strangely shaped body.
You cover ground very quickly.
You have extremely tough skin. (AC +3)


Message History

* * * LOW HITPOINT WARNING * * *
The bullfrog hits you.
* * * LOW HITPOINT WARNING * * *
The jelly hits you but does no damage.
You hit the bullfrog.
The bullfrog is severely wounded.
The bullfrog hits you.
* * * LOW HITPOINT WARNING * * *
The bullfrog hits you but does no damage.
The jelly hits you.
* * * LOW HITPOINT WARNING * * *
You are splashed with acid.
You resist.
* * * LOW HITPOINT WARNING * * *
The bullfrog hits you!
* * * LOW HITPOINT WARNING * * *
You barely miss the bullfrog.
The bullfrog is severely wounded.
The bullfrog hits you but does no damage.
The jelly hits you but does no damage. The bullfrog hits you.
You die...

#####........## ##8.. #
#..........####...
#..†.........#_..
#............##. #............#
#............# #####
##...........# ########.... .
##......###F## ###.##...(.... ...
###.#### #.@# #...#.........
...#####.# ##J.##.#...........
.........# ##.##♣≈≈..........
.......### #####..≈♣♣≈♣...).....
...###.######.....≈≈P≈≈♣♣........
...###......#.....≈P≈♣≈≈≈P(..<...
....#######...<..≈≈≈≈≈≈P≈♣(..†...
≈##.## ##.....♣♣PP≈≈≈≈≈♣≈......
≈P#..# #..#...♣♣P≈≈≈≈P≈≈PP.....


You could see a bullfrog and a jelly.

Vanquished Creatures
  Grinder (D:3)
  Sigmund (D:4)
  2 sky beasts
  A black bear (D:7)
  A phantom (D:5)
  An ogre (D:5)
  A centaur (D:5)
  A big kobold (Sewer)
  2 bullfrogs
  2 scorpions
  An electric eel (D:6)
  A crimson imp (D:6)
  A centaur zombie (Ossuary)
  A jelly (D:6)
  An orc priest (D:4)
  A bullfrog skeleton (D:5)
  An iguana (D:5)
  6 worker ants
  3 big kobold zombies (Ossuary)
  A hound skeleton (D:6)
  2 mummies (Ossuary)
  A worker ant zombie (D:4)
  15 adders
  2 river rats
  2 worms (D:2)
  A dart slug (D:2)
  6 leopard geckos
  8 orcs
  7 giant cockroaches
  6 goblins
  5 hobgoblins
  13 jackals
  8 kobolds
  5 quokkas
  5 ball pythons
  3 bats (D:3)
  2 frilled lizards
  2 gnoll zombies (Ossuary)
  A goblin zombie (Ossuary)
  3 hobgoblin zombies (Ossuary)
  4 orc zombies (Ossuary)
  A quokka skeleton (D:5)
  16 rats
148 creatures vanquished.

Vanquished Creatures (others)
  A plant (D:6)
1 creature vanquished.

Grand Total: 149 creatures vanquished

Notes
Turn   | Place    | Note
-------+----------+-------------------------------------------
     0 | D:1      | BinkBink the Centaur Hunter began the quest for the Orb.
     0 | D:1      | Reached XP level 1. HP: 17/17 MP: 1/1
    26 | D:1      | Reached XP level 2. HP: 24/24 MP: 2/2
    86 | D:1      | Reached skill level 5 in Crossbows
   462 | D:2      | Reached XP level 3. HP: 26/29 MP: 3/3
   661 | D:2      | Reached XP level 4. HP: 33/37 MP: 4/4
  1043 | D:2      | Reached skill level 6 in Crossbows
  1342 | D:3      | Noticed Grinder
  1478 | D:3      | Reached XP level 5. HP: 23/44 MP: 5/5
  1581 | D:3      | Killed Grinder
  1581 | D:3      | Reached skill level 7 in Crossbows
  1581 | D:3      | Reached XP level 6. HP: 16/51 MP: 6/6
  2393 | D:4      | Noticed Sigmund
  2415 | D:4      | Killed Sigmund
  2415 | D:4      | Reached skill level 8 in Crossbows
  2415 | D:4      | Reached skill level 1 in Armour
  2468 | D:3      | Reached XP level 7. HP: 12/58 MP: 7/7
  2533 | D:4      | Found a glowing drain.
  2538 | Sewer    | Entered a sewer
  2546 | Sewer    | Reached skill level 1 in Short Blades
  2728 | Sewer    | Found a white marble altar of Elyvilon.
  2801 | D:4      | You fall into a shaft and drop 3 floors!
  3054 | D:5      | Entered Level 5 of the Dungeon
  3094 | D:5      | Found a sand-covered staircase.
  3109 | Ossuary  | Entered an ossuary
  3525 | D:5      | Reached XP level 8. HP: 67/67 MP: 8/8
  3990 | D:5      | Found Gygerch's General Store.
  4168 | D:5      | Reached skill level 9 in Crossbows
  4490 | D:4      | Reached skill level 5 in Fighting
  4490 | D:4      | Reached skill level 1 in Bows
  4534 | D:4      | Found an opulent altar of Gozag.
  4722 | D:4      | Found Apoed's Antique Armour Shoppe.
  4806 | D:4      | Found Gusmit's Book Shop.
  4894 | D:4      | Bought a pair of jewelled gloves for 218 gold pieces
  4894 | D:4      | Bought a bloodstained robe for 131 gold pieces
  4904 | D:4      | Identified the +1 pair of gloves of Tulibri {rN+ Int+4
                  | Dex-4} (You bought it in a shop on level 4 of the Dungeon)
  4914 | D:4      | Identified the +1 robe of Foeke {rCorr Dex-3 Slay+2} (You
                  | bought it in a shop on level 4 of the Dungeon)
  5255 | D:4      | Found Aqaocw's Distillery.
  5585 | D:6      | Found a staircase to the Ecumenical Temple.
  5748 | Temple   | Entered the Ecumenical Temple
  5782 | Temple   | Became a worshipper of Dithmenos the Shadowed
  5945 | D:6      | Noticed Eustachio
  5980 | D:6      | Lost dexterity.
  6022 | D:6      | Found an ancient bone altar of Kikubaaqudgha.
  6039 | D:6      | HP: 1/68 [bullfrog (8)]
  6040 | D:6      | Slain by a bullfrog

Levels and vault maps discovered:
D:1:      scummos_arrival_hexagon, layout_rooms, minmay_misc_feat_chi,
          hangedman_decor_clover_reticule
D:2:      layout_basic
D:3:      layout_basic, uniq_grinder
D:4:      layout_gridville, nicolae_gozag_cash_rules_everything_around_me,
          portal_sewer_entry_e, serial_shops, shop, shop, kennysheep_mini_moat,
          uniq_sigmund
D:5:      layout_loops_ring, serial_shops,
          nicolae_shop_temple_entry_statues_fountains, first_ration,
          enter_ossuary_1
D:6:      layout_rooms, nicolae_overflow_hidden_temple,
          minmay_temple_entry_mini_moons, serial_bayou, serial_bayou_lake_a,
          serial_bayou_lagoon_b, serial_bayou_ford_a, serial_bayou_lagoon_a,
          palyth_stone_intersect, roderic_lattice_a, uniq_eustachio
D:7:      layout_basic, overflow_temple_1_default, serial_shops, shop,
          basic_altar
Temple:   regret_index_temple_waves

Skill      XL: |  1  2  3  4  5  6  7  8 |
---------------+-------------------------+-----
Crossbows      | 5 6 7 8 9 |  9.6
Fighting       | 3 4 5 |  5.3
Armour         | 1 2 3 |  3.7
Short Blades   | 2 3 |  3.4
Bows           | 1 |  1.5
Dodging        | |  1.6
Stealth        | |  0.8

Action                   |  1- 3 |  4- 6 |  7- 9 || total
-------------------------+-------+-------+-------++-------
Melee: Short sword       |       |    34 |   212 ||   246
       Kick              |       |    10 |    36 ||    46
       Hand crossbow     |       |       |     4 ||     4
 Fire: Hand crossbow     |    66 |    94 |   181 ||   341
       Shortbow          |       |       |    27 ||    27
  Use: Scroll            |     2 |       |       ||     2
       Potion            |       |       |     7 ||     7
  Eat: Chunk             |       |     3 |       ||     3
       Ration            |       |       |     3 ||     3
Armor: Leather armour    |     5 |    11 |       ||    16
       Plate armour      |       |    66 |   172 ||   238
       Robe              |       |       |    80 ||    80
Dodge: Dodged            |     7 |    12 |    83 ||   102

Table legend:
 A = Non-vault XP
 B = Vault XP
 C = Vault XP percentage of total XP
 D = Non-vault monster count
 E = Vault monster count
 F = Vault count percentage of total count
                 A         B        C        D         E       F
            +---------+---------+-------+---------+---------+-------
      Total |    1919 |     816 |  29.8 |     112 |      36 |  24.3
            +---------+---------+-------+---------+---------+-------
        D:1 |      31 |       0 |   0.0 |      18 |       0 |   0.0
        D:2 |     108 |       0 |   0.0 |      24 |       0 |   0.0
        D:3 |      81 |     288 |  78.0 |      18 |       3 |  14.3
        D:4 |     354 |     233 |  39.7 |      20 |       7 |  25.9
        D:5 |     781 |       0 |   0.0 |      19 |       0 |   0.0
        D:6 |     342 |       0 |   0.0 |      11 |       0 |   0.0
        D:7 |     222 |       0 |   0.0 |       2 |       0 |   0.0
      Sewer |       0 |     122 | 100.0 |       0 |      10 | 100.0
    Ossuary |       0 |     173 | 100.0 |       0 |      16 | 100.0
            +---------+---------+-------+---------+---------+-------
